 Dungeon Crawl Stone Soup version 0.29.1-4-g47bece8355 (webtiles) character file.

Game seed: 562764581103029131

11820 trench the Fighter (level 11, -3/97 HPs)
             Began as a Red Draconian Venom Mage on Dec 9, 2022.
             Was an Initiate of Yredelemnul.
             Slain by a black mamba (13 damage)
             ... on level 3 of the Lair of Beasts.
             The game lasted 01:19:28 (15727 turns).

trench the Fighter (Red Draconian Venom Mage)      Turns: 15727, Time: 01:19:29

Health: -3/97      AC:  9    Str: 10    XL:     11   Next: 54%
Magic:  31/31      EV: 15    Int: 20    God:    Yredelemnul [......]
Gold:   558        SH:  5    Dex: 12    Spells: 14/24 levels left

rFire   + . .      SeeInvis .   R - +4 great sword
rCold   . . .      Faith    .   (shield currently unavailable)
rNeg    . . .      Spirit   .   (body armour unavailable)
rPois   .          Reflect  +   (helmet restricted)
rElec   .          Harm     .   (no cloak)
rCorr   .          Rampage  .   I - +0 pair of gloves
Will    .....                   q - +0 pair of boots
Stlth   ++++......              D - amulet of reflection
HPRegen 0.26/turn               d - ring of magical power
MPRegen 0.22/turn               (no ring)

@: lethally poisoned (-3 -> -17)
A: breathe fire, AC +7, unfitting armour, fire resistance 1, cold-blooded
a: Breathe Fire, Renounce Religion, Recall Undead Harvest


You were on level 3 of the Lair of Beasts.
You worshipped Yredelemnul.
Yredelemnul was noncommittal.
You visited 2 branches of the dungeon, and saw 12 of its levels.
You also visited: Ossuary.

You collected 558 gold pieces.

Inventory:

Hand Weapons
 o - a +2 dagger of protection
 A - a +0 halberd of venom
 R - a +4 great sword (weapon)
Missiles
 n - 14 boomerangs
 p - 15 stones
 r - a curare-tipped dart
 L - 11 poisoned darts
 O - a throwing net
Armour
 q - a +0 pair of boots (worn)
 I - a +0 pair of gloves (worn)
Jewellery
 d - a ring of magical power (left hand)
 D - an amulet of reflection (around neck)
Wands
 g - a wand of roots (2)
 x - a wand of digging (8)
 E - a wand of mindburst (22)
 K - a wand of polymorph (7)
Scrolls
 b - 6 scrolls of identify (quivered)
 s - 6 scrolls of enchant armour
 v - 3 scrolls of torment
 w - 2 scrolls of enchant weapon
 y - a scroll of acquirement {unknown}
 z - 4 scrolls of teleportation
 B - a scroll of silence {unknown}
 C - 3 scrolls of fog
 F - 2 scrolls of fear {unknown}
 G - 4 scrolls of amnesia
 H - 2 scrolls of immolation {unknown}
 M - 3 scrolls of magic mapping {unknown}
 P - a scroll of brand weapon {unknown}
Potions
 a - 4 potions of magic
 c - 5 potions of curing
 e - 2 potions of mutation
 f - 4 potions of invisibility
 h - 7 potions of brilliance
 i - a potion of attraction
 j - a potion of haste
 k - a potion of resistance {unknown}
 l - 3 potions of heal wounds
 m - a potion of ambrosia {unknown}
 t - a potion of berserk rage {unknown}
 J - a potion of degeneration {unknown}
 N - 2 potions of cancellation {unknown}
Miscellaneous
 u - a lightning rod (4/4)
 Q - a phantom mirror


   Skills:
 + Level 9.4 Fighting
 + Level 8.1 Dodging
 + Level 7.7 Stealth
 + Level 7.3 Spellcasting
 - Level 3.4 Conjurations
 - Level 1.0 Transmutations
 + Level 2.0 Fire Magic
 - Level 3.4 Air Magic
 - Level 6.4 Poison Magic
 - Level 4.2 Invocations


You had 14 spell levels left.
You knew the following spells:

 Your Spells              Type           Power      Damage    Failure   Level
a - Sting                 Tmut/Pois      88%        1d7       1%          1
b - Poisonous Vapours     Pois/Air       54%        N/A       1%          2
c - Mephitic Cloud        Conj/Pois/Air  25%        N/A       4%          3
d - Olgreb's Toxic Radia  Pois           33%        N/A       6%          4

Your spell library contained the following spells:

 Spells                   Type           Power      Damage    Failure   Level
 Apportation              Tloc           14%        N/A       9%          1
 Necrotise                Necr           28%        1d5       9%          1
 Summon Small Mammal      Summ           28%        N/A       9%          1
 Corpse Rot               Necr/Pois/Air  20%        N/A       24%         4
 Vampiric Draining        Necr           7%         2d6       26%         3
 Sticky Flame             Conj/Fire      18%        2d4       28%         4
 Petrify                  Tmut/Erth      9%         N/A       58%         4
 Dispel Undead            Necr           7%         3d8       65%         4
 Agony                    Necr           7%         N/A       94%         5
 Metabolic Englaciation   Hex/Ice        3%         N/A       94%         5
 Statue Form              Tmut/Erth      6%         N/A       100%        6
 Spellforged Servitor     Conj/Summ      7%         N/A       100%        7
 Fire Storm               Conj/Fire      9%         8d2       100%        9
 Death Channel            Necr           Unusable   N/A       N/A         6

Dungeon Overview and Level Annotations

Branches:
Dungeon (9/15)             Temple (0/1) D:4            Lair (3/5) D:9
  Snake (0/4) Lair:3          Orc (0/2) D:9         Ossuary (visited)
  Swamp: Lair:2-3    Shoals: Lair:2-3

Altars:
Dithmenos
Elyvilon
Fedhas
Makhleb
Nemelex Xobeh
Sif Muna
Trog
Xom
Yredelemnul

Annotations:
D:8 Gastronok
Lair:2 2 transporters, PorkyPig's ghost, journeyman DrCj


Innate Abilities, Weirdness & Mutations

You can breathe blasts of fire.
Your fiery red scales are hard. (AC +7)
You cannot fit into any form of body armour.
Your flesh is heat resistant. (rF+)
You are cold-blooded and may be slowed by cold attacks.


Message History

The water moccasin poisons you!
The water moccasin attacks as you move away!
The water moccasin misses you.
You feel very sick.
You hear a loud, deep croak!
The water moccasin attacks as you move away!
The water moccasin bites you but does no damage.
You feel sick. The water moccasin closely misses you.
You feel sick.
The water moccasin attacks as you move away!
The water moccasin barely misses you.
You feel sick.
The bullfrog croaks.
The black mamba hisses angrily.
You hear an angry hiss.
A black mamba comes into view.
You feel sick. You block the water moccasin's attack.
You feel sick. The black mamba bites you. You block the bullfrog's attack.
You block the black mamba's attack. The bullfrog barely misses you.
You feel sick. The black mamba closely misses you.
The bullfrog snags a nearby centipede with its tongue.
The bullfrog hits you. The black mamba bites you!
* * * LOW HITPOINT WARNING * * *
You are more poisoned.
The black mamba poisons you! The water moccasin barely misses you.
The black mamba hisses angrily.
The water moccasin attacks as you move away!
The water moccasin bites you but does no damage.
The black mamba attacks as you move away!
The black mamba bites you!
* * * LOW HITPOINT WARNING * * *
x2 You feel very sick.
The bullfrog hits you.
* * * LOW HITPOINT WARNING * * *
The black mamba barely misses you. The bullfrog closely misses you.
* * * LOW HITPOINT WARNING * * *
You feel very sick.
The black mamba bites you but does no damage.
The black mamba closely misses you. The black mamba barely misses you.
The black mamba attacks as you move away!
The black mamba bites you!
You die...
Your body rises from the dead as a mindless zombie.

......#######P...#
...... ##..## ...#.
.## ##..# .. ## ..#
##...# . ..P##...##
. ###..#....# ..##
...####S.##
.....#..##.#SSF###P.
.......S##..@.......
#.....>P..P##..
###........#
##.....###
#.......P#
#..P###..# #...##
...# ##.. ...P ##.


You could see 2 black mambas, a water moccasin and a bullfrog.

Vanquished Creatures
  A two-headed ogre (D:9)
  Pikel (D:9)
  2 komodo dragons (Lair:1)
  A cane toad (Lair:1)
  A rime drake (Lair:1)
  Sigmund (D:5)
  A wraith (Ossuary)
  13 yaks
  A swamp worm (Lair:2)
  An acid dragon (D:9)
  5 water moccasins
  4 ice beasts
  A sky beast (D:7)
  3 orc warriors
  2 black bears (D:9)
  An ogre (D:4)
  3 lemures (D:9)
  A phantom (D:7)
  2 kobold brigands
  9 bullfrogs
  A necrophage (D:6)
  A komodo dragon zombie (Lair:1)
  4 scorpions
  4 wights
  2 howler monkeys
  A crimson imp (D:8)
  3 orc priests
  5 hounds
  2 jellies (D:6)
  A gnoll bouda (D:4)
  12 iguanas
  9 orc wizards
  Natasha (twice) (D:2)
  An ice beast zombie (D:6)
  A hound zombie (D:4)
  8 adders
  5 gnolls
  3 white imps
  An ufetubus (D:5)
  2 adder zombies (Ossuary)
  3 worms
  4 dart slugs
  27 orcs
  8 ball pythons
  6 bats
  5 endoplasms
  7 giant cockroaches
  9 hobgoblins
  9 jackals
  17 kobolds
  5 quokkas
  2 ball python skeletons (Ossuary)
  18 frilled lizards
  A frilled lizard zombie (Lair:1)
  9 goblins
  A goblin zombie (D:4)
  A hobgoblin skeleton (Ossuary)
  2 kobold zombies (Ossuary)
  An orc skeleton (Ossuary)
  4 orc zombies
  6 rats
267 creatures vanquished.

Vanquished Creatures (collateral kills)
  A hydra (Lair:1)
  A komodo dragon (Lair:1)
  A cane toad (Lair:1)
  A hornet (Lair:2)
  Grinder (D:5)
  2 yaks
  A basilisk (Lair:1)
  A swamp worm (Lair:2)
  2 water moccasins
  A black bear (D:7)
  An ogre (D:4)
  4 wolves (Lair:1)
  3 bullfrogs
  A jelly (D:5)
  2 iguanas (Lair:1)
  A scorpion zombie (D:5)
  4 gnolls
  2 adders (D:6)
  2 river rats (D:5)
  A white imp (D:7)
  7 orcs
  4 goblins (D:4)
  2 kobolds (D:7)
  A rat (D:5)
47 creatures vanquished.

Vanquished Creatures (others)
  A water moccasin zombie (Lair:1)
  2 yak zombies (D:9)
  A bullfrog zombie (Lair:2)
  A scorpion zombie (D:5)
  A spectral crimson imp (D:8)
  A howler monkey zombie (D:6)
  An adder zombie (D:6)
  A jelly zombie (D:5)
  3 spectral white imps
  4 gnoll zombies
  2 ball python zombies
  A dart slug zombie (D:5)
  3 frilled lizard zombies (Lair:1)
  2 giant cockroach zombies
  A goblin zombie (D:4)
  4 kobold zombies
  6 orc zombies
  A rat zombie (D:5)
  18 fungi
  27 plants
81 creatures vanquished.

Grand Total: 395 creatures vanquished

Notes
Turn   | Place    | Note
-------+----------+-------------------------------------------
     0 | D:1      | trench the Draconian Venom Mage began the quest for the
                  | Orb.
     0 | D:1      | Reached XP level 1. HP: 14/14 MP: 3/3
   105 | D:1      | Reached XP level 2. HP: 9/22 MP: 0/5
   340 | D:1      | Learned a level 2 spell: Poisonous Vapours
   522 | D:1      | Reached skill level 1 in Fighting
   532 | D:1      | Found a faded altar of an unknown god.
   927 | D:1      | Reached XP level 3. HP: 28/28 MP: 6/6
   931 | D:1      | Learned a level 3 spell: Mephitic Cloud
  2126 | D:2      | Noticed Natasha
  2136 | D:2      | Killed Natasha
  2137 | D:2      | Reached XP level 4. HP: 31/35 MP: 6/7
  2503 | D:2      | Noticed Natasha
  2509 | D:2      | Killed Natasha
  2510 | D:2      | Reached skill level 1 in Conjurations
  2510 | D:2      | Reached skill level 1 in Air Magic
  2872 | D:3      | Found a shimmering altar of Xom.
  2882 | D:3      | Reached XP level 5. HP: 41/41 MP: 8/8
  2966 | D:3      | Found a sparkling altar of Nemelex Xobeh.
  3541 | D:3      | Found a faded altar of an unknown god.
  3546 | D:3      | Found a shimmering blue altar of Sif Muna.
  3602 | D:3      | Found a basalt altar of Yredelemnul.
  3612 | D:3      | Became a worshipper of Yredelemnul the Dark
  3935 | D:4      | Reached XP level 6. HP: 37/48 MP: 3/9
  3941 | D:4      | Reached * piety under Yredelemnul
  4282 | D:4      | Found a staircase to the Ecumenical Temple.
  4613 | D:4      | Reached ** piety under Yredelemnul
  4999 | D:4      | Found a blossoming altar of Fedhas.
  5105 | D:4      | Reached skill level 5 in Poison Magic
  5118 | D:4      | Reached skill level 1 in Invocations
  5118 | D:4      | Your scales start taking on a fiery red colour.
  5118 | D:4      | Reached XP level 7. HP: 52/53 MP: 2/10
  5118 | D:4      | Gained mutation: Your flesh is heat resistant. (rF+) [Red
                  | Draconian growth]
  5187 | D:5      | Entered Level 5 of the Dungeon
  5268 | D:5      | Found a sand-covered staircase.
  5282 | Ossuary  | Entered an ossuary
  5402 | Ossuary  | Reached skill level 2 in Fighting
  6125 | Ossuary  | Noticed a wraith
  6125 | Ossuary  | Noticed a flying skull
  6187 | Ossuary  | Noticed a flying skull
  6197 | Ossuary  | Noticed a wraith
  6200 | Ossuary  | Killed a wraith
  6537 | D:5      | Reached skill level 3 in Fighting
  6640 | D:5      | Reached XP level 8. HP: 34/63 MP: 9/11
  6757 | D:5      | Noticed Sigmund
  6765 | D:5      | Killed Sigmund
  6863 | D:5      | Found a white marble altar of Elyvilon.
  7113 | D:5      | Noticed Grinder
  7122 | D:5      | Killed Grinder
  7123 | D:5      | Reached skill level 4 in Fighting
  8527 | D:6      | Reached skill level 5 in Fighting
  8600 | D:6      | Reached XP level 9. HP: 67/74 MP: 13/13
  9082 | D:6      | Learned a level 4 spell: Olgreb's Toxic Radiance
  9107 | D:7      | Reached skill level 5 in Dodging
  9945 | D:8      | Reached skill level 6 in Fighting
 10025 | D:8      | Found a burning altar of Makhleb.
 10173 | D:8      | Found a shadowy altar of Dithmenos.
 10295 | D:8      | Noticed Gastronok
 10754 | D:9      | Noticed Pikel
 10772 | D:9      | Killed Pikel
 10773 | D:9      | Reached skill level 7 in Fighting
 10773 | D:9      | Reached skill level 5 in Stealth
 10773 | D:9      | Reached skill level 5 in Spellcasting
 10773 | D:9      | Reached XP level 10. HP: 61/86 MP: 15/17
 10945 | D:9      | Found a staircase to the Orcish Mines.
 11078 | D:9      | Found a staircase to the Lair.
 11081 | D:9      | Your ally Pikel died
 11356 | D:9      | Noticed a two-headed ogre
 11366 | D:9      | Killed a two-headed ogre
 12033 | Lair:1   | Entered Level 1 of the Lair of Beasts
 12049 | Lair:1   | Reached skill level 8 in Fighting
 12288 | Lair:1   | Noticed a cane toad
 12293 | Lair:1   | Reached *** piety under Yredelemnul
 12425 | Lair:1   | Killed a cane toad
 12426 | Lair:1   | Reached XP level 11. HP: 75/95 MP: 20/20
 12443 | Lair:1   | Noticed an eight-headed hydra
 12457 | Lair:1   | Killed an eight-headed hydra
 13154 | Lair:1   | Reached skill level 9 in Fighting
 14173 | Lair:2   | Got Dispater's Secrets of Battling
 14675 | Lair:2   | Found a transporter.
 14676 | Lair:2   | Noticed a spriggan rider
 14679 | Lair:2   | Noticed a spriggan rider
 14680 | Lair:2   | Noticed PorkyPig's ghost (journeyman DrCj)
 14683 | Lair:2   | Found a bloodstained altar of Trog.
 14696 | Lair:2   | Reached skill level 1 in Fire Magic
 14949 | Lair:2   | Found the +3 giant club "Skullcrusher" {speed, Str+7}
 15669 | Lair:2   | Found a transporter.
 15699 | Lair:3   | Found a staircase to the Snake Pit.
 15705 | Lair:3   | Noticed a five-headed hydra
 15727 | Lair:3   | Slain by a black mamba

Illustrated notes

Levels and vault maps discovered:
D:1:      lightli_molten_gateway, layout_basic,
          hellmonk_ecumenical_altar_lost_god
D:2:      layout_basic, uniq_natasha
D:3:      layout_loops_ring, nicolae_overflow_ecumenical_swirl,
          mainiacjoe_overflow_brackets, nicolae_overflow_crystal_walls,
          marbit_many_paths, corexii_leaking_fountain,
          kennysheep_cross_bottleneck
D:4:      layout_loops_ring, fedhas_altar_4, minmay_temple_entry_mini_moons,
          minmay_ogre_servants
D:5:      layout_basic, mainiacjoe_overflow_tiny_flanked,
          nicolae_ossuary_entry_monument, portal_sewer_entry_b,
          saegor_snake_ambush, uniq_grinder, uniq_sigmund
D:6:      layout_basic, roderic_lattice_a
D:7:      layout_rooms
D:8:      layout_rooms, nicolae_dithmenos_through_a_glass_darkly,
          makhleb_grotto_becter, minmay_tree_intersection, uniq_gastronok
D:9:      layout_cave_pools, grunt_lair_entry_orc_guard_hut,
          minmay_orc_entry_temple_small, patterned_corridor, uniq_pikel
Lair:1:   lemuel_reptile_caves, layout_chaotic_city, grunt_megastairs_3
Lair:2:   layout_layer_cave, gammafunk_ghost_wrathful_warriors, worms_lemuel
Lair:3:   layout_cave_pods, shoals_dummy_entry,
          minmay_snake_entry_six_corridors, gammafunk_ghost_abyssal_escape,
          small_statue_intersection

Skill      XL: |  1  2  3  4  5  6  7  8  9 10 11 |
---------------+----------------------------------+-----
Dodging        | 2 3 4 6 7 8 |  8.1
Fighting       | 1 3 5 7 8 9 |  9.4
Conjurations   | 1 2 3 |  3.4
Air Magic      | 1 2 3 |  3.4
Poison Magic   | 4 5 6 |  6.4
Invocations    | 1 2 4 |  4.2
Stealth        | 2 5 6 7 |  7.7
Spellcasting   | 3 5 6 7 |  7.3
Fire Magic     | 2 |  2.0
Transmutations | |  1.0

Action                   |  1- 3 |  4- 6 |  7- 9 | 10-12 || total
-------------------------+-------+-------+-------+-------++-------
Melee: Unarmed           |    25 |       |       |       ||    25
       Tailslap          |    10 |     8 |    25 |    17 ||    60
       Punch             |     2 |     1 |     2 |       ||     5
       Trident           |    20 |       |       |       ||    20
       Hand axe          |    14 |       |       |       ||    14
       Dagger            |    27 |    68 |   121 |       ||   216
       Halberd           |       |       |    89 |       ||    89
       Great sword       |       |       |    11 |    96 ||   107
Throw: Boomerang         |       |       |     4 |       ||     4
 Cast: Sting             |    17 |     6 |    13 |       ||    36
       Poisonous Vapours |    44 |    78 |    67 |    24 ||   213
       Mephitic Cloud    |       |     6 |     6 |     5 ||    17
       Olgreb's Toxic Ra |       |       |    20 |    55 ||    75
Invok: Recall Undead Har |       |     2 |     5 |     7 ||    14
       Dark Bargain      |       |     2 |     1 |    12 ||    15
 Abil: Breathe Fire      |       |       |    28 |     7 ||    35
  Use: Scroll            |       |     7 |     9 |     1 ||    17
       Potion            |       |       |     4 |     2 ||     6
 Stab: Sleeping          |       |     2 |     1 |       ||     3
       Confused          |       |       |     1 |     1 ||     2
       Distracted        |       |       |     1 |     1 ||     2
Armor: Skin              |    41 |    27 |    71 |    44 ||   183
Dodge: Dodged            |    79 |    42 |   105 |   122 ||   348
Block: Other             |       |       |    34 |    39 ||    73
       Reflection        |       |       |     1 |     1 ||     2
